[Event "ICC tourney 2532 (25 5)"]
[Site "Internet Chess Club"]
[Date "2021.04.25"]
[Round "8"]
[White "XINJIAN LI, DAVID:K12-14899012"]
[Black "MADDEN LANE, LUCA:K12-15596114"]
[Result "1-0"]
[ICCResult "Black resigns"]
[WhiteElo "1936"]
[BlackElo "1339"]
[Opening "QGD: exchange, positional line"]
[ECO "D35"]
[NIC "QO.16"]
[Time "17:01:59"]
[PlyCount "139"]
[TimeControl "1500+5"]

1. d4 e6 2. c4 Nf6 3. Nc3 d5 4. cxd5 exd5 5. Bg5 Be7 6. Nf3 O-O 7. e3 b6 8.
Bd3 Bb7 9. O-O c5 10. Qc2 c4 11. Bxf6 cxd3 12. Bxe7 dxc2 13. Bxd8 Rxd8 14.
Rac1 Nc6 15. Rxc2 Rac8 16. Nb5 a6 17. Nc3 Rd6 18. Rfc1 Nb4 19. Rd2 Rdc6 20.
Rdd1 a5 21. a3 Na6 22. Ne5 R6c7 23. h3 b5 24. Rb1 b4 25. Nb5 Rc2 26. Nd6
R8c7 27. Nb5 Rc8 28. Nd6 R8c7 29. Nd3 bxa3 30. bxa3 Bc8 31. Nxc8 Rxc8 32.
Rb7 Ra2 33. Nf4 Rxa3 34. Nxd5 Kf8 35. Rdb1 Ra2 36. R1b6 Nb4 37. Rb8 Rc2 38.
Nxb4 axb4 39. Rxb4 Ke8 40. g3 Kd7 41. R4b7+ Ke6 42. Rb6+ Kd7 43. Kg2 R8c7
44. R8b7 Kd8 45. Rxc7 Rxc7 46. Rb5 Ke7 47. Kf3 Kd6 48. Ke4 Re7+ 49. Re5 Ra7
50. Kf4 f6 51. Rb5 h6 52. h4 Ra2 53. f3 g6 54. Rb6+ Ke7 55. d5 Ra4+ 56. e4
g5+ 57. hxg5 hxg5+ 58. Kf5 Ra3 59. Rb7+ Kf8 60. Kxf6 Rxf3+ 61. Kxg5 Rxg3+
62. Kf6 Rf3+ 63. Ke6 Rh3 64. d6 Rh6+ 65. Kd5 Ke8 66. e5 Kd8 67. e6 Kc8 68.
Rf7 Rh5+ 69. Kc6 Kb8 70. d7 { Black resigns } 1-0

[Event "ICC tourney 2532 (25 5)"]
[Site "Internet Chess Club"]
[Date "2021.04.25"]
[Round "8"]
[White "DOMMALAPATI, AASA:K12-13778456"]
[Black "KOZINTSEV, DANIEL:K12-14508214"]
[Result "1/2-1/2"]
[ICCResult "Game drawn by mutual agreement"]
[WhiteElo "1997"]
[BlackElo "755"]
[Opening "Caro-Kann: Tartakower (Nimzovich) variation"]
[ECO "B15"]
[NIC "CK.06"]
[Time "17:01:18"]
[PlyCount "64"]
[TimeControl "1500+5"]

1. e4 c6 2. d4 d5 3. Nc3 dxe4 4. Nxe4 Nf6 5. Nxf6+ exf6 6. Nf3 Bd6 7. Bd3
O-O 8. O-O Bg4 9. c3 Nd7 10. Bc2 Re8 11. Qd3 Nf8 12. Bd2 Bc7 13. Rfe1 Qd6
14. g3 Bh5 15. Bf4 Qd5 16. Bb3 Qxf3 17. Qxf3 Bxf3 18. Bxc7 Ne6 19. Bd6 Rad8
20. Ba3 b5 21. Re3 Bh5 22. Rae1 a5 23. Bc5 a4 24. Bxe6 fxe6 25. Rxe6 Rxe6
26. Rxe6 Re8 27. Re3 Rxe3 28. fxe3 Bf7 29. a3 f5 30. h3 h5 31. Kf2 Bd5 32.
Ke2 Be4 { Game drawn by mutual agreement } 1/2-1/2

[Event "ICC tourney 2532 (25 5)"]
[Site "Internet Chess Club"]
[Date "2021.04.25"]
[Round "8"]
[White "LU, SAMUEL:K12-16373562"]
[Black "R SOMASUNDARAM, ARUN:K12-16330722"]
[Result "1-0"]
[ICCResult "Black checkmated"]
[WhiteElo "1615"]
[BlackElo "1002"]
[Opening "Queen's pawn: London system"]
[ECO "A45"]
[NIC "QP.07"]
[Time "17:01:59"]
[PlyCount "115"]
[TimeControl "1500+5"]

1. d4 Nf6 2. Bf4 d5 3. e3 Bg4 4. Be2 Bxe2 5. Qxe2 e6 6. h3 Nbd7 7. Nf3 Be7
8. c4 Bb4+ 9. Nbd2 Ne4 10. cxd5 Nxd2 11. Nxd2 Bxd2+ 12. Qxd2 exd5 13. Qb4
Nb6 14. Rc1 c6 15. b3 Qe7 16. Bd6 Qe4 17. O-O Qe6 18. Bc5 Qd7 19. Rfe1
O-O-O 20. Bxb6 axb6 21. Qxb6 Rhe8 22. Rc5 Qc7 23. Qb4 Kd7 24. Rec1 Ra8 25.
Rxd5+ Kc8 26. a4 Rd8 27. Rxd8+ Qxd8 28. Qc4 f6 29. Qe6+ Kc7 30. d5 Ra6 31.
dxc6 Rxc6 32. Rxc6+ bxc6 33. Qf7+ Kb6 34. Qxg7 Qd1+ 35. Kh2 Qxb3 36. Qxf6
Qxa4 37. Qb2+ Qb5 38. Qf6 Ka5 39. e4 c5 40. e5 c4 41. e6 Qb8+ 42. g3 Kb4
43. Qb2+ Kc5 44. Qxb8 c3 45. Qc8+ Kb4 46. Qxc3+ Kxc3 47. e7 Kd2 48. e8=Q
Kd1 49. f4 Kd2 50. f5 Kd3 51. f6 h5 52. f7 h4 53. g4 Kd4 54. f8=Q Kc3 55.
Qd6 Kc2 56. Qc8+ Kb3 57. Qb6+ Ka4 58. Qa8# { Black checkmated } 1-0

[Event "ICC tourney 2532 (25 5)"]
[Site "Internet Chess Club"]
[Date "2021.04.25"]
[Round "8"]
[White "KYLER GRAY, JONATHAN:K12-17137908"]
[Black "XIAO, EDWARD:K12-15784954"]
[Result "0-1"]
[ICCResult "White resigns"]
[WhiteElo "1386"]
[BlackElo "1942"]
[Opening "Pirc defense"]
[ECO "B07"]
[NIC "PU.08"]
[Time "17:00:42"]
[PlyCount "108"]
[TimeControl "1500+5"]

1. e4 d6 2. d4 Nf6 3. Nc3 e5 4. dxe5 dxe5 5. Qxd8+ Kxd8 6. Bg5 Be6 7. Nf3
Nd7 8. O-O-O Kc8 9. h3 c6 10. Be2 Bc5 11. Bh4 h6 12. Bg3 b5 13. Nxe5 Nxe5
14. Bxe5 Bxf2 15. Rhf1 Be3+ 16. Kb1 Ne8 17. Rf3 Bc5 18. Nxb5 cxb5 19. Rc3
Kb7 20. Rxc5 a6 21. a4 b4 22. Bh2 b3 23. c3 Rc8 24. Rxc8 Bxc8 25. Rd8 Rg8
26. Bxa6+ Kxa6 27. Rxc8 Nf6 28. Rxg8 Nxg8 29. e5 Ka5 30. Kc1 Ne7 31. g4
Kxa4 32. Kd2 Nc6 33. Kd3 Kb5 34. Ke4 Kc4 35. Bg1 Nd8 36. h4 Ne6 37. Be3 Nf8
38. g5 hxg5 39. Bxg5 Ne6 40. Be7 g6 41. Bd6 Nd8 42. Kf4 Ne6+ 43. Ke3 Nd8
44. Ba3 Ne6 45. Ke4 Nd8 46. Be7 Ne6 47. h5 gxh5 48. Kf5 Kd5 49. Bh4 Nc5 50.
Be7 Nd3 51. Ba3 Nxe5 52. Kg5 Nc4 53. Bb4 Nxb2 54. Kxh5 Nc4 { White resigns
} 0-1

[Event "ICC tourney 2532 (25 5)"]
[Site "Internet Chess Club"]
[Date "2021.04.25"]
[Round "8"]
[White "CHEN, JUSTIN:K12-14732288"]
[Black "DYLAN HUDSON, QUINN:K12-14347301"]
[Result "1/2-1/2"]
[ICCResult "Game drawn by repetition"]
[WhiteElo "2390"]
[BlackElo "2141"]
[Opening "QGD semi-Slav"]
[ECO "D43"]
[NIC "QI.01"]
[Time "17:01:00"]
[PlyCount "94"]
[TimeControl "1500+5"]

1. d4 Nf6 2. c4 e6 3. Nf3 d5 4. Nc3 c6 5. Qb3 dxc4 6. Qxc4 b5 7. Qb3 b4 8.
Na4 Nbd7 9. Bg5 h6 10. Bxf6 Qxf6 11. e3 Be7 12. Be2 O-O 13. O-O c5 14. Rac1
cxd4 15. Nxd4 Bb7 16. Rc7 Bd5 17. Bc4 Bxc4 18. Qxc4 Nb6 19. Nxb6 axb6 20.
Nc6 Bc5 21. Nxb4 Qxb2 22. Na6 Qa3 23. Nxc5 bxc5 24. Rxc5 Qxa2 25. g3 Qxc4
26. Rxc4 Ra2 27. Rfc1 Rd8 28. Rc8 Rxc8 29. Rxc8+ Kh7 30. g4 Kg6 31. Rc5 Ra4
32. h3 f5 33. gxf5+ exf5 34. Kg2 f4 35. Rc6+ Kg5 36. Rc5+ Kf6 37. Rc6+ Kf5
38. Rc5+ Kf6 39. exf4 Rxf4 40. Kg3 Ra4 41. Rc6+ Kf5 42. Rc7 g6 43. Rc5+ Kf6
44. Rc6+ Kf5 45. Rc5+ Kf6 46. Rc6+ Kf5 47. Rc5+ Kf6 { Game drawn by
repetition } 1/2-1/2

[Event "ICC tourney 2532 (25 5)"]
[Site "Internet Chess Club"]
[Date "2021.04.25"]
[Round "8"]
[White "CARMINA, JONATHAN:K12-15466693"]
[Black "PENG, BRANDON:K12-15283836"]
[Result "0-1"]
[ICCResult "White checkmated"]
[WhiteElo "1183"]
[BlackElo "1769"]
[Opening "Sicilian defense"]
[ECO "B20"]
[NIC "SI.48"]
[Time "17:00:43"]
[PlyCount "166"]
[TimeControl "1500+5"]

1. e4 c5 2. Bc4 Nc6 3. Nc3 g6 4. Nf3 Bg7 5. Ng5 e6 6. Qf3 Qxg5 7. Nb5 Nd4
8. Nxd4 Bxd4 9. c3 Bg7 10. d4 Qe7 11. d5 exd5 12. Bxd5 Nf6 13. Bg5 O-O 14.
O-O Qe5 15. Bf4 Qh5 16. Qxh5 Nxh5 17. Bd6 Re8 18. Bxc5 Nf6 19. Rfe1 Bf8 20.
Bxf8 Kxf8 21. f3 d6 22. Rad1 Nxd5 23. Rxd5 Rd8 24. e5 Be6 25. Rxd6 Rxd6 26.
exd6 Rd8 27. Rd1 Bxa2 28. Kf2 Bb3 29. Rd4 a6 30. Ke3 Ke8 31. c4 Kd7 32. c5
Kc6 33. Rb4 Bd5 34. Kd4 b5 35. cxb6 Kxd6 36. h4 Rb8 37. h5 gxh5 38. Kc3 Kc6
39. Rh4 Rxb6 40. Rxh5 Rb3+ 41. Kc2 Re3 42. Kd2 Re6 43. Rxh7 Rg6 44. Rh2 Kc5
45. Kc3 a5 46. Kd3 Rb6 47. Kc3 Rb3+ 48. Kc2 a4 49. Rh5 Rb6 50. Rh4 Bb3+ 51.
Kc3 Rg6 52. Rh2 Kd6 53. Kd4 Ke7 54. Ke3 Rc6 55. g4 Rc2 56. Rxc2 Bxc2 57.
Kd2 Bb3 58. Kd3 Kf6 59. Ke4 Kg5 60. Ke5 Bd1 61. Ke4 Bc2+ 62. Ke3 Bb1 63.
Kd4 Kf4 64. Kc5 Kxf3 65. g5 Kg4 66. Kb4 Bc2 67. Kc3 Bb3 68. g6 fxg6 69. Kd4
Kf3 70. Kc3 g5 71. Kd2 Kf2 72. Kd3 g4 73. Kd4 g3 74. Ke4 g2 75. Ke5 g1=Q
76. Kf5 Qe1 77. Kf4 Qe3+ 78. Kf5 Qe6+ 79. Kg5 Qf7 80. Kh6 Qg8 81. Kh5 Kf3
82. Kh6 Kf4 83. Kh5 Qg5# { White checkmated } 0-1

[Event "ICC tourney 2532 (25 5)"]
[Site "Internet Chess Club"]
[Date "2021.04.25"]
[Round "8"]
[White "HUANG, ANDREW:K12-15187612"]
[Black "WANG, ALEXANDER:K12-16227962"]
[Result "1/2-1/2"]
[ICCResult "Game drawn by mutual agreement"]
[WhiteElo "1967"]
[BlackElo "1491"]
[Opening "Queen's pawn, Mason variation"]
[ECO "D00"]
[NIC "QP.08"]
[Time "17:00:41"]
[PlyCount "137"]
[TimeControl "1500+5"]

1. d4 d5 2. Bf4 Nf6 3. e3 Bf5 4. Nf3 e6 5. Be2 Be7 6. O-O O-O 7. Ne5 Nc6 8.
Nxc6 bxc6 9. Nd2 c5 10. Nf3 cxd4 11. exd4 c5 12. Nh4 Be4 13. f3 Bg6 14.
Nxg6 hxg6 15. h3 Rc8 16. Be3 Qb6 17. Qd3 c4 18. Qd2 Qxb2 19. Rfb1 Qa3 20.
c3 Rb8 21. Bf4 Bd6 22. Bg5 Nh7 23. Bh4 g5 24. Be1 Bf4 25. Qc2 Qd6 26. Bf1
Nf6 27. g4 Be3+ 28. Bf2 Qg3+ 29. Bg2 Qxf2+ 30. Qxf2 Bxf2+ 31. Kxf2 Rfc8 32.
Ke3 Kf8 33. Bf1 Ke7 34. Be2 Kd6 35. Bd1 Kc7 36. Ba4 Rb6 37. Rxb6 axb6 38.
Bc2 Ra8 39. a4 Nd7 40. Rb1 Rh8 41. Rh1 g6 42. Kf2 Kd6 43. Ke3 e5 44. Kf2
exd4 45. cxd4 Nb8 46. Rb1 Kc7 47. a5 bxa5 48. Rb5 Kd6 49. Rxa5 Rxh3 50. Kg2
Rh8 51. Ba4 Rc8 52. Ra7 Rc7 53. Rxc7 Kxc7 54. Kf2 Nc6 55. Ke3 Kd6 56. Bc2
Nb4 57. Ba4 Ke6 58. Kd2 f5 59. Kc3 Nd3 60. Bd1 f4 61. Be2 Kd6 62. Bxd3 cxd3
63. Kxd3 Kc6 64. Kc3 Kd6 65. Kd3 Kc6 66. Kc3 Kb5 67. Kb3 Ka5 68. Ka3 Kb5
69. Kb3 { Game drawn by mutual agreement } 1/2-1/2

[Event "ICC tourney 2532 (25 5)"]
[Site "Internet Chess Club"]
[Date "2021.04.25"]
[Round "8"]
[White "BRAZAUSKAS, KIPRAS:K12-15989894"]
[Black "SARTORIO, WILLIAM:K12-14715380"]
[Result "0-1"]
[ICCResult "White checkmated"]
[WhiteElo "1390"]
[BlackElo "2063"]
[Opening "Sicilian: Kan, 5.Nc3"]
[ECO "B43"]
[NIC "SI.41"]
[Time "17:01:55"]
[PlyCount "94"]
[TimeControl "1500+5"]

1. e4 c5 2. Nf3 e6 3. d4 cxd4 4. Nxd4 a6 5. Nc3 Qc7 6. a3 Nf6 7. Bd3 Nc6 8.
Nb3 Be7 9. Qf3 Ne5 10. Qe2 b5 11. O-O Nxd3 12. Qxd3 Bb7 13. f3 O-O 14. Be3
d5 15. exd5 Nxd5 16. Bd2 Rfd8 17. Qe2 Bf6 18. Nxd5 Bxd5 19. Ba5 Qa7+ 20.
Qf2 Rdc8 21. Bb6 Qb7 22. Na5 Qd7 23. c3 Rab8 24. Bd4 Qd8 25. b4 Bxd4 26.
Qxd4 Rc7 27. Rfd1 Qg5 28. Kf2 Rbc8 29. Rd3 h6 30. Rb1 Qg6 31. Rb2 Qh5 32.
h3 Qg5 33. Rc2 h5 34. Kg1 Qg6 35. Rb2 Qf6 36. Qxf6 gxf6 37. Rc2 f5 38. Kf2
Kf8 39. g4 hxg4 40. hxg4 fxg4 41. Re3 gxf3 42. Rc1 Ke7 43. Rd1 Rxc3 44.
Ree1 Rc2+ 45. Kf1 Rh8 46. Kg1 f2+ 47. Kf1 Rh1# { White checkmated } 0-1

[Event "ICC tourney 2532 (25 5)"]
[Site "Internet Chess Club"]
[Date "2021.04.25"]
[Round "8"]
[White "K HARRIS, ALEX:K12-14223018"]
[Black "BITENG, KEITH:K12-15342436"]
[Result "1-0"]
[ICCResult "Black checkmated"]
[WhiteElo "1805"]
[BlackElo "1343"]
[Opening "King's Indian: London system"]
[ECO "A48"]
[NIC "QP.03"]
[Time "17:01:21"]
[PlyCount "89"]
[TimeControl "1500+5"]

1. d4 Nf6 2. Nf3 g6 3. Bf4 Bg7 4. e3 d6 5. Bc4 Bg4 6. h3 Bxf3 7. Qxf3 d5 8.
Bd3 Nbd7 9. O-O c5 10. c3 cxd4 11. exd4 e6 12. Bd6 Qb6 13. Ba3 Qc6 14. Nd2
b5 15. Rfe1 Rb8 16. Nb3 Qc7 17. Qe2 Qb6 18. Bc5 Nxc5 19. Nxc5 O-O 20. g4
Qc6 21. a4 bxa4 22. Rxa4 Nd7 23. Ra6 Qc7 24. Nxd7 Qxd7 25. Rea1 Rb7 26. g5
h6 27. h4 h5 28. f4 Re8 29. R1a5 Re7 30. Rc5 Qd8 31. Rac6 Rbc7 32. Ba6 Rxc6
33. Rxc6 Rc7 34. Qb5 Rxc6 35. Qxc6 Qb8 36. Qc8+ Qxc8 37. Bxc8 Kf8 38. Kf2
Ke7 39. Ba6 f6 40. Bd3 fxg5 41. fxg5 Kf7 42. Ke3 e5 43. Bb5 Ke6 44. Be8 Kf5
45. Bd7# { Black checkmated } 1-0

[Event "ICC tourney 2532 (25 5)"]
[Site "Internet Chess Club"]
[Date "2021.04.25"]
[Round "8"]
[White "H WILLIAMS, JOSHUA:K12-14759594"]
[Black "MORAN, ELLA:K12-14650774"]
[Result "1/2-1/2"]
[ICCResult "Black stalemated"]
[WhiteElo "1217"]
[BlackElo "1786"]
[Opening "French: exchange variation"]
[ECO "C01"]
[NIC "FR.01"]
[Time "17:01:00"]
[PlyCount "113"]
[TimeControl "1500+5"]

1. e4 e6 2. d4 d5 3. exd5 exd5 4. Bd3 Bd6 5. Nc3 c6 6. Nf3 Nf6 7. Qe2+ Qe7
8. Qxe7+ Bxe7 9. h3 O-O 10. O-O h6 11. Ne5 Nbd7 12. f4 c5 13. Be3 cxd4 14.
Bxd4 Bc5 15. Nf3 Bxd4+ 16. Nxd4 Nc5 17. Rfe1 Nxd3 18. cxd3 Bd7 19. Re5 Bc6
20. Rc1 Rfe8 21. Rxe8+ Rxe8 22. Kf2 g6 23. Nxc6 bxc6 24. Ne2 Rc8 25. b4 Nd7
26. Nd4 c5 27. bxc5 Rxc5 28. Rxc5 Nxc5 29. Ke3 Kg7 30. Nc6 a6 31. Kd4 Ne6+
32. Ke5 Nc5 33. Kxd5 Nxd3 34. g3 Nf2 35. Nb8 a5 36. Nc6 a4 37. a3 Nxh3 38.
Kc4 f6 39. Kb4 Nxf4 40. gxf4 h5 41. Nd4 h4 42. Kxa4 g5 43. fxg5 fxg5 44.
Kb4 h3 45. Ne2 h2 46. Ng3 Kf6 47. a4 Ke5 48. a5 Kd6 49. Kb5 Kc7 50. Ka6 Kb8
51. Kb6 Ka8 52. a6 Kb8 53. a7+ Ka8 54. Ka6 g4 55. Kb6 h1=Q 56. Nxh1 g3 57.
Nxg3 { Black stalemated } 1/2-1/2

[Event "ICC tourney 2532 (25 5)"]
[Site "Internet Chess Club"]
[Date "2021.04.25"]
[Round "8"]
[White "YOGESH MEHTA, HARSHIL:K12-14612857"]
[Black "MATTA, KISNA:K12-14874247"]
[Result "1/2-1/2"]
[ICCResult "Game drawn by mutual agreement"]
[WhiteElo "1288"]
[BlackElo "1843"]
[Opening "Sicilian: Alapin's variation (2.c3)"]
[ECO "B22"]
[NIC "SI.47"]
[Time "17:00:42"]
[PlyCount "58"]
[TimeControl "1500+5"]

1. e4 c5 2. c3 Nf6 3. e5 Nd5 4. d4 cxd4 5. cxd4 d6 6. Nf3 Nc6 7. Bc4 dxe5
8. dxe5 Nb6 9. Qb3 Nxc4 10. Qxc4 Be6 11. Qe2 Bg4 12. Be3 Bxf3 13. Qxf3 Qa5+
14. Nc3 Qxe5 15. O-O e6 16. Bf4 Qf5 17. Qg3 h5 18. Rad1 h4 19. Qd3 Qxd3 20.
Rxd3 Rd8 21. Rxd8+ Nxd8 22. Nb5 Nc6 23. Rd1 Bc5 24. Nd6+ Bxd6 25. Bxd6 Rh5
26. Bf4 Rf5 27. Be3 Ke7 28. a3 Rb5 29. b4 a5 { Game drawn by mutual
agreement } 1/2-1/2

[Event "ICC tourney 2532 (25 5)"]
[Site "Internet Chess Club"]
[Date "2021.04.25"]
[Round "8"]
[White "BONAM, SAIGAUTAM:K12-14765995"]
[Black "RAJARAM, ROHAN:K12-15739716"]
[Result "1-0"]
[ICCResult "Black checkmated"]
[WhiteElo "2193"]
[BlackElo "1905"]
[Opening "Sicilian defense"]
[ECO "B40"]
[NIC "SI.43"]
[Time "17:01:39"]
[PlyCount "71"]
[TimeControl "1500+5"]

1. e4 c5 2. Nf3 e6 3. Nc3 Nc6 4. Bb5 Be7 5. O-O a6 6. Bxc6 bxc6 7. d3 Nf6
8. e5 Nd5 9. Ne4 O-O 10. c4 Nb6 11. Be3 d5 12. exd6 Bxd6 13. Bxc5 Bxc5 14.
Nxc5 Qe7 15. b4 e5 16. Re1 f6 17. Qb3 Be6 18. Nd4 Bd7 19. Rad1 a5 20. a3
Qf7 21. bxa5 Nc8 22. Nc2 Rxa5 23. Qb4 Ra7 24. a4 Nd6 25. a5 Rfa8 26. Ra1
Bc8 27. Ra3 Nb7 28. Rea1 Qc7 29. Nxb7 Bxb7 30. Qc5 Ba6 31. Nb4 Rb7 32. f3
Qd7 33. Qxc6 Qd4+ 34. Kh1 Qb2 35. Ra4 Raa7 36. Qe8# { Black checkmated }
1-0

[Event "ICC tourney 2532 (25 5)"]
[Site "Internet Chess Club"]
[Date "2021.04.25"]
[Round "8"]
[White "J ZHANG, ERIC:K12-16995898"]
[Black "VINAY HIREMATH, ROMIR:K12-16455165"]
[Result "1/2-1/2"]
[ICCResult "Game drawn by mutual agreement"]
[WhiteElo "1809"]
[BlackElo "1191"]
[Opening "Two knights defense"]
[ECO "C55"]
[NIC "IG.01"]
[Time "17:01:54"]
[PlyCount "89"]
[TimeControl "1500+5"]

1. e4 e5 2. Nf3 Nf6 3. Bc4 Nc6 4. d4 Qe7 5. O-O d6 6. Nc3 Bg4 7. dxe5 Nxe5
8. Be2 Nxf3+ 9. Bxf3 Bxf3 10. Qxf3 O-O-O 11. Bg5 h6 12. Nd5 Qe6 13. Qc3 c6
14. Bxf6 gxf6 15. Nb4 Rg8 16. Rfe1 Qg4 17. Qg3 Qxg3 18. hxg3 Rg4 19. Nd3 h5
20. Re3 Re8 21. Rae1 Bh6 22. Rf3 Re6 23. Nf4 Bxf4 24. gxf4 f5 25. e5 dxe5
26. fxe5 Rg5 27. Kf1 Kd7 28. c4 c5 29. b3 a5 30. a4 b6 31. Rd3+ Kc6 32. f4
Rg4 33. Rf3 Reg6 34. Re2 h4 35. Rd2 Rg3 36. Re2 Rh6 37. Kf2 Rhg6 38. Rxg3
Rxg3 39. Re3 Rxe3 40. Kxe3 Kd7 41. Kf3 Ke7 42. g4 hxg3 43. Kxg3 f6 44.
exf6+ Kxf6 45. Kh3 { Game drawn by mutual agreement } 1/2-1/2

[Event "ICC tourney 2532 (25 5)"]
[Site "Internet Chess Club"]
[Date "2021.04.25"]
[Round "8"]
[White "BIRADAVOLU, ASRITH:K12-14190950"]
[Black "NIRAG SHAH, ARYA:K12-17096474"]
[Result "1-0"]
[ICCResult "Black forfeits on time"]
[WhiteElo "1445"]
[BlackElo "1975"]
[Opening "Queen's pawn, Mason variation"]
[ECO "D00"]
[NIC "QP.08"]
[Time "17:01:39"]
[PlyCount "73"]
[TimeControl "1500+5"]

1. d4 d5 2. Bf4 e6 3. e3 Bd6 4. Bg3 Nf6 5. Nd2 O-O 6. Bd3 c5 7. c3 Qc7 8.
Ngf3 Nbd7 9. O-O Bxg3 10. hxg3 e5 11. dxe5 Nxe5 12. Nxe5 Qxe5 13. Nf3 Qe7
14. Re1 b6 15. Qc2 Bb7 16. Rad1 Rad8 17. Ng5 h6 18. Nh7 Rfe8 19. Nxf6+ Qxf6
20. Qe2 Rd6 21. Qg4 Red8 22. Bc2 Bc8 23. Qf4 Qxf4 24. gxf4 g6 25. Bb3 Kf8
26. Rd2 Bb7 27. Red1 Ke7 28. Kf1 b5 29. f3 a5 30. Ke2 a4 31. Bc2 Bc6 32. a3
Ke6 33. Kf2 Ke7 34. g4 h5 35. g5 Ke6 36. Bb1 Bb7 37. Rh1 { Black forfeits
on time } 1-0

[Event "ICC tourney 2532 (25 5)"]
[Site "Internet Chess Club"]
[Date "2021.04.25"]
[Round "8"]
[White "LEE, RYAN:K12-15137336"]
[Black "LAI, CASSIUS:K12-15855411"]
[Result "1-0"]
[ICCResult "Black resigns"]
[WhiteElo "1911"]
[BlackElo "1363"]
[Opening "Queen's gambit declined"]
[ECO "D30"]
[NIC "QP.08"]
[Time "17:01:00"]
[PlyCount "67"]
[TimeControl "1500+5"]

1. d4 d5 2. c4 e6 3. Nf3 Nf6 4. g3 Nbd7 5. Bg2 b6 6. cxd5 exd5 7. O-O Bb7
8. Nc3 Be7 9. Bf4 O-O 10. Rc1 Rc8 11. Nb5 c6 12. Nxa7 Ra8 13. Nxc6 Bxc6 14.
Rxc6 Rxa2 15. Qb3 Qa8 16. Rfc1 Ra1 17. Ne5 Nxe5 18. dxe5 Qxc6 19. Rxa1 Ne4
20. Bxe4 dxe4 21. Rc1 Qg6 22. Be3 Bg5 23. Rc4 Bxe3 24. Qxe3 f5 25. exf6
Qxf6 26. b4 b5 27. Rxe4 Qa1+ 28. Kg2 Qa8 29. f3 h6 30. Re7 Qa4 31. Qe5 Rf6
32. Re8+ Kh7 33. Qe4+ Rg6 34. Re6 { Black resigns } 1-0

[Event "ICC tourney 2532 (25 5)"]
[Site "Internet Chess Club"]
[Date "2021.04.25"]
[Round "8"]
[White "HELLER, HARRY:K12-15613721"]
[Black "KUSHALNAGAR, NIRUPAM:K12-17349316"]
[Result "0-1"]
[ICCResult "White resigns"]
[WhiteElo "1820"]
[BlackElo "1328"]
[Opening "Sicilian: Alapin's variation (2.c3)"]
[ECO "B22"]
[NIC "SI.46"]
[Time "17:01:00"]
[PlyCount "122"]
[TimeControl "1500+5"]

1. e4 c5 2. c3 d6 3. d4 cxd4 4. cxd4 e5 5. dxe5 dxe5 6. Qxd8+ Kxd8 7. Nf3
Nc6 8. Bb5 f6 9. Nc3 Bg4 10. Be3 Bb4 11. O-O-O+ Ke8 12. Nd5 Ba5 13. Rd3 a6
14. Bxc6+ bxc6 15. Nb6 Bxb6 16. Bxb6 Rb8 17. Bc7 Rc8 18. Ba5 Kf7 19. Nd2
Be6 20. Nb3 c5 21. Rc3 c4 22. Nd2 Ne7 23. Kb1 Nc6 24. Bb6 Nd4 25. a4 a5 26.
Re1 Rb8 27. Bc5 Rhc8 28. Nxc4 Bxc4 29. Rxc4 Nb3 30. Rc2 Rxc5 31. Rxc5 Nxc5
32. Rc1 Nxa4 33. Rc2 Rb5 34. Ka2 Rc5 35. Rd2 Ke7 36. h4 Nb6 37. b3 Rb5 38.
Ka3 a4 39. b4 Nc4+ 40. Kxa4 Nxd2 41. Kxb5 Nxe4 42. Kc6 Nd6 43. b5 f5 44. b6
e4 45. b7 Nxb7 46. Kxb7 f4 47. Kc6 e3 48. fxe3 fxe3 49. Kd5 e2 50. Ke4
e1=Q+ 51. Kf5 Qxh4 52. g4 Qf6+ 53. Ke4 g5 54. Ke3 Qf4+ 55. Kd3 Kd6 56. Ke2
Qg3 57. Kd2 Qf3 58. Kc2 Qe3 59. Kb2 Qd3 60. Ka1 Qd2 61. Kb1 Kc5 { White
resigns } 0-1

[Event "ICC tourney 2532 (25 5)"]
[Site "Internet Chess Club"]
[Date "2021.04.25"]
[Round "8"]
[White "M ZHANG, ERIC:K12-14668426"]
[Black "WOLFSON, BRIAN:K12-14879271"]
[Result "1-0"]
[ICCResult "Black resigns"]
[WhiteElo "2204"]
[BlackElo "1838"]
[Opening "Neo-Grünfeld defense"]
[ECO "D70"]
[NIC "KI.80"]
[Time "17:01:39"]
[PlyCount "101"]
[TimeControl "1500+5"]

1. d4 Nf6 2. c4 g6 3. f3 d5 4. cxd5 Nxd5 5. e4 Nb6 6. Nc3 Bg7 7. Be3 c5 8.
Bb5+ Bd7 9. Bxd7+ Qxd7 10. dxc5 Nc4 11. Bc1 Bxc3+ 12. bxc3 Qxd1+ 13. Kxd1
Nc6 14. Ne2 O-O 15. Kc2 Rfd8 16. Bf4 Rac8 17. Rad1 e5 18. Bc1 Rc7 19. Bg5
Rdc8 20. Rd3 N6a5 21. Rhd1 Rxc5 22. Bf6 Na3+ 23. Kb2 N5c4+ 24. Kc1 h6 25.
Rd8+ Kh7 26. Rxc8 Rxc8 27. Rd7 Kg8 28. Rxb7 Ne3 29. Bxe5 Nxg2 30. Rxa7 Nc4
31. Rc7 Rxc7 32. Bxc7 Nge3 33. a4 Kf8 34. a5 Nxa5 35. Bxa5 Ke7 36. Bb4+ Ke6
37. h3 f5 38. exf5+ Kxf5 39. Kd2 Ng2 40. Ng1 Nh4 41. Ke2 Kf4 42. Kf2 Nf5
43. Ne2+ Kg5 44. Nd4 Ng7 45. Be7+ Kh5 46. Bf6 Ne8 47. Be5 Kh4 48. Kg2 g5
49. Nf5+ Kh5 50. Ng7+ Nxg7 51. Bxg7 { Black resigns } 1-0

[Event "ICC tourney 2532 (25 5)"]
[Site "Internet Chess Club"]
[Date "2021.04.25"]
[Round "8"]
[White "EISENMAN, KATHERINE:K12-15352585"]
[Black "AWASTHI, ATHARVA:K12-15383400"]
[Result "0-1"]
[ICCResult "White resigns"]
[WhiteElo "1557"]
[BlackElo "1080"]
[Opening "Grünfeld with Bf4 & e3"]
[ECO "D93"]
[NIC "GI.07"]
[Time "17:01:00"]
[PlyCount "92"]
[TimeControl "1500+5"]

1. d4 g6 2. c4 Nf6 3. Nc3 Bg7 4. Nf3 d5 5. Bf4 O-O 6. e3 c5 7. Be2 cxd4 8.
exd4 Nc6 9. O-O dxc4 10. Bxc4 Bg4 11. d5 Na5 12. Be2 Rc8 13. h3 Bf5 14. Be5
Nc4 15. Bxc4 Rxc4 16. Qd2 Rc5 17. Rfd1 Ne4 18. Nxe4 Bxe4 19. Bxg7 Rxd5 20.
Qe2 Kxg7 21. Ng5 Bd3 22. Qe3 e5 23. Nf3 e4 24. Nh2 Qb6 25. Qxb6 axb6 26. a3
f5 27. Rac1 Rc5 28. Rxc5 bxc5 29. Nf1 c4 30. Ne3 f4 31. Nd5 Rf5 32. Nc3 e3
33. fxe3 fxe3 34. Re1 Rf2 35. Rxe3 Rxb2 36. Re7+ Kh6 37. Nd5 Rb3 38. Nf6 c3
39. h4 g5 40. Ng4+ Kh5 41. Nf2 c2 42. g4+ Kxh4 43. Nxd3 Rxd3 44. Rxh7+ Kxg4
45. Rc7 Rd1+ 46. Kg2 c1=Q { White resigns } 0-1

[Event "ICC tourney 2532 (25 5)"]
[Site "Internet Chess Club"]
[Date "2021.04.25"]
[Round "8"]
[White "STIG MELLODY, MARCUS:K12-14740377"]
[Black "KOVACS, JEREMY:K12-15030650"]
[Result "1-0"]
[ICCResult "Black checkmated"]
[WhiteElo "1713"]
[BlackElo "1303"]
[Opening "QGD: Orthodox defense, Botvinnik variation"]
[ECO "D60"]
[NIC "QO.12"]
[Time "17:01:39"]
[PlyCount "91"]
[TimeControl "1500+5"]

1. d4 d5 2. c4 e6 3. Nc3 Nf6 4. Bg5 Be7 5. Nf3 Nbd7 6. e3 O-O 7. Bd3 c5 8.
cxd5 exd5 9. O-O cxd4 10. Nxd4 h6 11. Bf4 Nc5 12. Bf5 Bxf5 13. Nxf5 Re8 14.
Rc1 Nce4 15. Nxe4 dxe4 16. Rc7 Bf8 17. Qxd8 Rexd8 18. Rxb7 Rd2 19. h3 a5
20. Rc1 Rad8 21. Nd4 Nd5 22. Bg3 Bd6 23. Bxd6 Rxd6 24. Ra7 Rxb2 25. Rxa5
Nb4 26. Rb5 Nxa2 27. Rc8+ Kh7 28. Rxb2 Ra6 29. Rcc2 Nb4 30. Rxb4 Ra1+ 31.
Kh2 Ra6 32. Rb7 Rf6 33. Rcc7 Kg8 34. Kg3 g5 35. Re7 Kg7 36. Rxe4 h5 37. h4
gxh4+ 38. Rxh4 Rxf2 39. Kxf2 Kg6 40. Rf4 f5 41. Rxf5 h4 42. Rb6+ Kg7 43.
Ra5 h3 44. gxh3 Kf7 45. Ra7+ Ke8 46. Rb8# { Black checkmated } 1-0